 Dungeon Crawl Stone Soup version 0.20.0-1-g1cb1d84 (webtiles) character file.

39 straycat the Skirmisher (level 3, 0/29 HPs)
             Began as a Vampire Wanderer on May 26, 2017.
             Slain by a kobold
             ... wielding a +0 dagger
              (1 damage)
             ... on level 2 of the Dungeon.
             The game lasted 00:07:24 (2102 turns).

straycat the Skirmisher (Vampire Wanderer)          Turns: 2102, Time: 00:07:25

Health: 0/29       AC:  5    Str: 12    XL:     3   Next: 26%
Magic:  4/4        EV: 12    Int: 12    God:
Gold:   105        SH:  0    Dex: 15    Spells: 2/2 levels left

rFire    . . .     SeeInvis +   r - +0 hunting sling
rCold    + + .     Gourm    .   (no shield)
rNeg     + + +     Faith    .   j - +0 leather armour (curse)
rPois    ∞         Spirit   .   (no helmet)
rElec    .         Reflect  .   (no cloak)
rCorr    .         Harm     .   h - +0 pair of gloves
MR       .....                  o - +0 pair of boots
Stlth    ++++......             (no amulet)
Regen    0.0/turn               (no ring)
MPRegen  0.1/turn               (no ring)

@: bloodless, non-regenerating
A: fangs 3, see invisible, unbreathing
a: Bat Form


You were on level 2 of the Dungeon.
You were bloodless.

You visited 1 branch of the dungeon, and saw 2 of its levels.

You collected 105 gold pieces.

Inventory:

Hand Weapons
 a - a +2 mace
 b - a +0 hand axe
 r - a +0 hunting sling (weapon)
Missiles
 f - 84 stones (quivered)
 l - 5 needles of sleeping
Armour
 d - a +0 robe
 h - a +0 pair of gloves (worn)
 j - a cursed +0 leather armour (worn)
 o - a +0 pair of boots (worn)
Wands
 p - a wand of lightning (5/15)
Scrolls
 g - a scroll of identify {unknown}
 i - a scroll of noise {unknown}
 k - a scroll of fog {unknown}
 m - a scroll of remove curse {unknown}
 n - 2 scrolls of teleportation {unknown}
Potions
 c - a potion of lignification
 e - 10 potions of blood
 q - a potion of haste {unknown}


   Skills:
 - Level 3.6 Fighting
 - Level 1.5 Maces & Flails
 - Level 1.0 Armour
 + Level 1.8 Dodging
 - Level 1.5 Stealth
 * Level 2.5 Unarmed Combat
 - Level 1.7 Evocations


You had 2 spell levels left.
You didn't know any spells.

Dungeon Overview and Level Annotations

Branches:
Dungeon (2/15)

Altars:


Innate Abilities, Weirdness & Mutations

You do not heal naturally.
You are immune to poison.
You have razor-sharp teeth.
You have supernaturally acute eyesight. (SInv)
You can survive without breathing.


Message History

The kobold hits you with a dagger.
* * * LOW HITPOINT WARNING * * *
The kobold hits you but does no damage.
Firing (i - inventory):
f - 87 stones (quivered)
Press: ? - help, Shift-Dir - straight line, f/p - kobold
Aim: a kobold, wielding a dagger You shoot a stone.
The stone closely misses the kobold.
The kobold misses you.
There is a stone staircase leading up here.
Firing (i - inventory):
f - 86 stones (quivered)
Press: ? - help, Shift-Dir - straight line, f/p - kobold
Aim: a kobold, wielding a dagger You shoot a stone.
The stone barely misses the kobold.
The kobold hits you with a dagger.
* * * LOW HITPOINT WARNING * * *
Firing (i - inventory):
f - 85 stones (quivered)
Press: ? - help, Shift-Dir - straight line, f/p - kobold
Aim: a kobold, wielding a dagger You shoot a stone.
The stone misses the kobold.
The kobold hits you with a dagger.
You die...

#......## #..
######.......####
#...##..........#
#####.#.........###..#
#.......##......####..#
..#####..#.........#
.#. #..#......##.##>#.#
##....##### ..#.#.#
.####..@..# #.#.#.#
........K..######.#.#.#
#######........##.#.#.#
##.#.##.###...#.###
#.#.##.##.........
#####.#..#.#..#....###
................>..###
####.(...........(..##
###................


You could see a kobold.

Vanquished Creatures
  An adder (D:2)
  A worm (D:2)
  A dart slug (D:1)
  A leopard gecko (D:1)
  4 bats
  A giant cockroach (D:2)
  4 goblins
  2 hobgoblins (D:1)
  A frilled lizard (D:1)
  5 kobolds
  4 rats
25 creatures vanquished.

Notes
Turn   | Place    | Note
-------+----------+-------------------------------------------
     0 | D:1      | straycat the Vampire Wanderer began the quest for the Orb.
     0 | D:1      | straycat set off with: a +2 mace, a +0 hand axe, a potion of lignification, a +0 robe, a potion of blood
     0 | D:1      | Reached XP level 1. HP: 18/18 MP: 2/2
   341 | D:1      | Reached skill level 1 in Dodging
   606 | D:1      | Reached skill level 1 in Unarmed Combat
   624 | D:1      | Reached XP level 2. HP: 5/24 MP: 3/3
  1750 | D:2      | Reached XP level 3. HP: 25/29 MP: 4/4
  2101 | D:2      | HP: 1/29 [kobold/dagger (3)]
  2102 | D:2      | Slain by a kobold

Skill      XL: |  1  2 |
---------------+-------+-----
Dodging        | 1 |  1.8
Unarmed Combat | 1 2 |  2.5
Fighting       | |  3.6
Maces & Flails | |  1.5
Armour         | |  1.0
Stealth        | |  1.5
Evocations     | |  1.7

Action                   || total
-------------------------++-------
Melee: Hand axe          ||    89
       Bite              ||     8
 Fire: Hunting sling     ||    15
Throw: Stone             ||    37
 Stab: Sleeping          ||     2
Armor: Robe              ||    15
       Leather armour    ||     9
Dodge: Dodged            ||    71
